Map: Frozen Temple

Players

ThisGameSuck - Winner!

  • Race: Protoss Protoss
  • League: Grandmaster

Azazel

  • Race: Terran Terran
  • League: Grandmaster

VOD

Have the link to the VOD?

Description

Time

  • Played on: June 12, 2016, 11:45 a.m.
  • Length: 13:12
Show
View Real Time Build Order
Export as new Build Order

ThisGameSuck Protoss - Winner!

Build Orders: 1 Gate Expand, Blink Stalkers 

Get SALT Encoding   

  12  0:01  Probe (Chrono Boost)  
  13  0:11  Probe (Chrono Boost)  
  14  0:17  Pylon  
  14  0:22  Probe (Chrono Boost)  
  15  0:36  Probe (Chrono Boost), Gateway  
  16  0:46  Probe (Chrono Boost)  
  16  0:48  Assimilator  
  18  0:57  Probe (Chrono Boost)  
  18  1:07  Probe (Chrono Boost)  
  19  1:20  Nexus  
  19  1:28  Cybernetics Core  
  19  1:32  Probe (Chrono Boost)  
  20  1:37  Assimilator  
  20  1:43  Probe (Chrono Boost)  
  21  1:49  Pylon  
  21  1:53  Probe (Chrono Boost)  
  22  2:07  Mothership Core (Chrono Boost)  
  24  2:09  Adept  
  26  2:18  Warp Gate  
  26  2:25  Probe (Chrono Boost)  
  27  2:33  Probe (Chrono Boost)  
  27  2:36  Probe (Chrono Boost)  
  29  2:38  Robotics Facility  
  30  2:44  Probe (Chrono Boost)  
  30  2:46  Probe (Chrono Boost)  
  31  2:54  Probe (Chrono Boost)  
  31  2:57  Probe (Chrono Boost)  
  33  2:59  Twilight Council  
  33  3:05  Probe (Chrono Boost)  
  34  3:08  Probe (Chrono Boost)  
  35  3:15  Probe (Chrono Boost)  
  35  3:18  Probe (Chrono Boost)  
  35  3:19  Assimilator  
  37  3:21  Gateway  
  37  3:23  Gateway  
  37  3:25  Probe (Chrono Boost)  
  37  3:26  Observer (Chrono Boost)  
  39  3:29  Probe (Chrono Boost), Blink (Chrono Boost)  
  39  3:33  Pylon  
  40  3:36  Probe (Chrono Boost)  
  40  3:39  Probe (Chrono Boost)  
  42  3:48  Probe, Observer (Chrono Boost)  
  44  3:51  Probe  
  45  3:58  Pylon  
  45  4:00  Probe  
  46  4:03  Probe  
  46  4:06  Pylon  
  46  4:07  Observer (Chrono Boost)  
  48  4:12  Probe  
  48  4:15  Probe  
  50  4:25  Probe  
  50  4:26  Nexus  
  50  4:28  Stalker  
  50  4:29  Stalker  
  55  4:32  Observer (Chrono Boost)  
  55  4:37  Stalker  
  58  4:42  Probe (Chrono Boost)  
  58  4:43  Probe (Chrono Boost)  
  60  4:46  Pylon  
  60  4:52  Stalker x2  
  64  4:54  Probe (Chrono Boost)  
  64  4:56  Assimilator  
  65  5:01  Stalker  
  65  5:03  Probe (Chrono Boost)  
  65  5:06  Probe (Chrono Boost)  
  69  5:08  Warp Prism  
  71  5:18  Forge  
  71  5:20  Forge  
  72  5:21  Probe (Chrono Boost)  
  72  5:24  Probe (Chrono Boost)  
  73  5:33  Stalker  
  73  5:34  Stalker  
  77  5:38  Probe (Chrono Boost)  
  77  5:40  Stalker  
  80  5:43  Pylon  
  80  5:47  Probe (Chrono Boost)  
  80  5:48  Pylon  
  79  6:00  Resonating Glaives  
  79  6:02  Zealot  
  79  6:03  Zealot  
  83  6:10  Stalker  
  83  6:11  Probe (Chrono Boost)  
  83  6:12  Probe x2 (Chrono Boost)  
  83  6:18  Protoss Ground Armor Level 1 (Chrono Boost)  
  86  6:20  Protoss Ground Weapons Level 1 (Chrono Boost)  
  86  6:23  Probe x2  
  86  6:24  Gateway  
  89  6:27  Stalker x2, Gateway  
  93  6:34  Immortal (Chrono Boost)  
  93  6:38  Probe  
  97  6:41  Pylon  
  97  6:45  Gateway  
  96  6:47  Gateway  
  96  6:50  Sentry  
  96  6:52  Adept x2  
  102  6:56  Probe x3  
  105  7:08  Probe x2  
  107  7:10  Probe, Pylon, Immortal (Chrono Boost)  
  107  7:13  Assimilator, Pylon  
  112  7:20  Probe  
  113  7:26  Probe  
  113  7:29  Zealot x3  
  113  7:41  Probe  
  113  7:42  Probe, Adept x2  
  105  7:52  Mothership Core  
  105  7:53  Probe, Immortal  
  105  7:54  Probe  
  112  8:05  Stalker x2  
  115  8:06  Probe x2  
  115  8:08  Adept x2  
  115  8:09  Protoss Ground Armor Level 2 (Chrono Boost)  
  121  8:13  Probe  
  121  8:18  Probe x2  
  124  8:26  Protoss Ground Weapons Level 2 (Chrono Boost)  
  125  8:32  Probe  
  125  8:34  Pylon  
  125  8:35  Pylon  
  125  8:38  Pylon  
  125  8:41  Pylon  
  125  8:43  Pylon  
  123  8:52  Adept x2  
  123  8:53  Adept x5  
  132  9:00  Immortal  
  134  9:11  Gateway  
  134  9:12  Gateway  
  134  9:13  Stalker x3  
  134  9:14  Stalker  
  134  9:16  Adept x2  
  146  9:18  Probe  
  146  9:20  Zealot  
  144  9:31  Probe x2  
  144  9:35  Assimilator  
  146  9:41  Stalker x5  
  156  9:47  Sentry, Nexus  
  156  9:48  Sentry  
  160  10:05  Pylon  
  160  10:07  Pylon  
  160  10:09  Pylon  
  160  10:15  Immortal  
  164  10:25  Adept x8  
  172  10:47  Zealot x3  
  172  10:48  Zealot x2, Stalker  
  172  10:49  Stalker  
  186  10:53  Immortal  
  171  11:05  Zealot x2  
  159  11:16  Stalker x5  
  167  11:26  Adept  
  167  11:27  Adept  
  167  11:31  Pylon  
  171  11:34  Pylon  
  171  11:37  Pylon  
  133  12:03  Immortal  
  133  12:05  Adept x2  
  133  12:06  Adept x7  
  145  12:23  Pylon  
  145  12:27  Gateway  
  145  12:28  Gateway  
  145  12:29  Templar Archives  
  145  12:30  Adept  
  145  12:32  Stalker x5  
  157  12:46  Stalker x3  
Show
View Real Time Build Order
Export as new Build Order

Azazel Terran 

Build Orders: MMM Bio 

Get SALT Encoding   

  12  0:01  SCV  
  13  0:13  SCV  
  14  0:18  Supply Depot  
  14  0:25  SCV  
  15  0:40  SCV  
  15  0:41  Barracks  
  16  0:45  Refinery  
  16  0:52  SCV  
  17  1:04  SCV  
  18  1:16  SCV  
  19  1:28  Orbital Command  
  19  1:29  Barracks Reactor  
  19  1:40  Command Center  
  19  1:48  Supply Depot  
  19  1:54  SCV  
  20  2:06  SCV  
  20  2:08  Marine x2  
  23  2:14  Factory  
  23  2:19  SCV  
  24  2:25  Marine  
  24  2:26  Marine  
  24  2:29  Barracks  
  26  2:32  SCV  
  27  2:37  Refinery  
  27  2:43  Marine  
  28  2:44  SCV  
  28  2:45  Marine  
  30  2:52  Orbital Command  
  30  2:57  Factory Reactor  
  30  3:00  SCV  
  30  3:04  Marine x2  
  34  3:12  SCV  
  34  3:18  Barracks Tech Lab  
  34  3:20  SCV  
  34  3:22  Marine x2  
  34  3:26  Supply Depot, SCV  
  38  3:32  SCV  
  38  3:33  Widow Mine x2  
  41  3:37  Stimpack  
  41  3:40  Marauder  
  45  3:44  SCV  
  45  3:47  SCV  
  47  3:49  Supply Depot  
  47  3:56  Starport  
  47  3:57  SCV  
  47  4:02  Engineering Bay  
  48  4:08  Widow Mine x2  
  52  4:11  Marauder, Marine  
  52  4:13  SCV  
  56  4:17  Supply Depot  
  56  4:20  SCV  
  57  4:28  Supply Depot  
  57  4:32  Marauder, Missile Turret  
  57  4:36  Terran Infantry Weapons Level 1  
  57  4:37  SCV  
  60  4:42  SCV  
  61  4:46  Missile Turret  
  61  4:47  Medivac  
  61  4:52  Marine x2  
  65  4:53  SCV, Marine  
  65  4:56  Refinery  
  67  5:05  Supply Depot, SCV x2  
  69  5:09  Marine  
  69  5:10  Marine  
  69  5:13  Marauder  
  73  5:17  Barracks, SCV  
  73  5:19  Medivac x2  
  78  5:26  SCV  
  78  5:27  Factory Reactor  
  78  5:28  Supply Depot  
  79  5:32  Refinery  
  79  5:35  Supply Depot, Marine  
  81  5:36  Marauder  
  81  5:40  SCV x2  
  81  5:41  Combat Shields  
  84  5:55  SCV x2  
  86  5:58  Marauder, Marine x2  
  86  6:05  Liberator  
  83  6:13  Widow Mine x2  
  83  6:14  Barracks Tech Lab  
  87  6:24  SCV x2  
  92  6:27  Command Center  
  92  6:29  Marauder, Marine x2  
  92  6:30  Supply Depot  
  96  6:33  Barracks x2  
  96  6:35  Terran Infantry Armor Level 1  
  96  6:42  SCV x2  
  98  6:50  Marauder, Marine x2  
  98  6:52  Marauder  
  104  6:58  Widow Mine  
  106  7:02  Supply Depot x2  
  106  7:04  SCV x2  
  108  7:15  Medivac  
  110  7:16  Medivac  
  110  7:26  Marauder x2, Barracks Tech Lab  
  110  7:27  Barracks Reactor  
  104  7:39  Widow Mine  
  104  7:40  Widow Mine  
  104  7:42  Marine x2  
  104  7:44  SCV x2  
  97  7:48  Marauder x2  
  97  7:49  Orbital Command  
  97  7:52  Medivac  
  97  7:56  Marauder  
  97  7:57  Concussive Shells  
  101  8:00  Marine  
  100  8:06  SCV x2  
  100  8:07  Marine  
  100  8:08  Marine x2  
  100  8:09  Marauder, Refinery x2  
  107  8:18  SCV x2  
  107  8:20  Marauder x2, Marine  
  107  8:21  SCV  
  107  8:25  Marine, Armory  
  114  8:27  Engineering Bay  
  114  8:30  SCV  
  114  8:31  Marauder, Marine x2  
  114  8:33  SCV  
  115  8:42  Marauder, Marine  
  115  8:43  Marauder, Marine  
  120  8:49  Marine, Medivac x2  
  120  8:50  Widow Mine x2  
  120  8:53  Marauder  
  127  9:00  Marine x2  
  127  9:01  SCV  
  130  9:03  Marauder  
  130  9:04  Marauder  
  130  9:06  Supply Depot x3  
  130  9:07  Supply Depot  
  130  9:09  Ghost Academy  
  134  9:16  Marauder, Terran Infantry Weapons Level 2, Marine x2  
  131  9:24  Marauder  
  131  9:29  Widow Mine, Medivac x2  
  133  9:36  Bunker  
  133  9:37  Terran Infantry Armor Level 2  
  132  9:47  Ghost x2  
  132  9:49  Marine x2  
  132  9:51  Marine x3  
  139  10:07  Marine x2  
  139  10:09  Marine x3  
  140  10:15  Marine  
  140  10:16  Marine  
  140  10:25  Marine x2  
  140  10:27  Marine x2  
  140  10:28  Marauder  
  146  10:34  Marauder x2  
  144  10:58  Marine  
  144  10:59  Supply Depot x2, Marine  
  144  11:00  Supply Depot, Marine  
  144  11:01  Marine, Supply Depot  
  144  11:02  Marauder  
  144  11:04  Marauder x2, Widow Mine  
  140  11:06  Widow Mine, Medivac x2  
  125  11:16  Marine  
  125  11:17  Marine  
  116  11:18  Marine x2  
  116  11:21  Liberator x2  
  116  11:24  Marauder, SCV x3  
  116  11:25  Marauder  
  123  11:26  Marauder  
  125  11:34  Marine  
  125  11:36  Widow Mine x2, SCV  
  137  11:45  Marauder  
  133  11:59  Marauder, Marine  
  133  12:00  Marauder, Marine x3  
  120  12:05  SCV x2  
  120  12:10  Ghost  
  122  12:20  Ghost  
  124  12:25  SCV x2  
  126  12:31  Ghost  
  128  12:38  Ghost  
Tags
 
Add a new tag
Caveats
  • Supply blocks, unpowered buildings, or Contaminate may cause inaccurate times.
  • Supply counts are checked every 10 seconds.